 Dungeon Sprint DCSS version 0.26-a0-660-gc07710193c (webtiles) character file.

Game seed: 12792983487300977980

4 sahdkjhfkaj the Skirmisher (level 1, -1/26 HPs)
             Began as an Ogre Monk on Oct 7, 2020.
             Slain by a swamp dragon (10 damage)
             ... in the Dungeon (Sprint VII: "The Pits").
             The game lasted 00:00:02 (23 turns).

sahdkjhfkaj the Skirmisher (Ogre Monk)                Turns: 23, Time: 00:00:03

Health: -1/26      AC:  3    Str: 14    XL:     1   Next: 60%
Magic:  1/1        EV: 10    Int: 11    God:
Gold:   0          SH:  0    Dex: 11    Spells: 0/0 levels left

rFire    . . .     SeeInvis .     - Unarmed
rCold    . . .     Faith    .   (no shield)
rNeg     . . .     Spirit   .   a - +0 robe
rPois    .         Reflect  .   (helmet restricted)
rElec    .         Harm     .   (no cloak)
rCorr    .         Rampage  .   (gloves unavailable)
MR       .....     NoTele   +   (boots unavailable)
Stlth    ++........             (no amulet)
HPRegen  0.08/turn              (no ring)
MPRegen  0.07/turn              (no ring)

@: no status effects
A: large, unfitting armour, tough skin 1
a: no special abilities


You were in the Dungeon.
You visited 1 branch

Inventory:

Armour
 a - a +0 robe (worn)
Scrolls
 g - a scroll of blinking
Potions
 b - a potion of curing
 c - a potion of heal wounds
 d - a potion of haste
 e - 2 potions of magic
 f - a potion of berserk rage


   Skills:
 + Level 4.6 Fighting
 + Level 3.1 Dodging
 + Level 1.4 Stealth
 + Level 3.1 Unarmed Combat


You couldn't memorise any spells.
You didn't know any spells.
Your spell library was empty.

Dungeon Overview and Level Annotations

Branches:
Dungeon (1/1)

Altars:


Innate Abilities, Weirdness & Mutations

You are too large for most types of armour.
You have tough skin. (AC +1)


Message History

You are too injured to fight recklessly!
You are too injured to fight recklessly!
You are too injured to fight recklessly!
You are too injured to fight recklessly!
You are too injured to fight recklessly!
You are too injured to fight recklessly!
You are too injured to fight recklessly!
You are too injured to fight recklessly!
You are too injured to fight recklessly!
You are too injured to fight recklessly!
You are too injured to fight recklessly!
You are too injured to fight recklessly!
You are too injured to fight recklessly!
You are too injured to fight recklessly!
You are too injured to fight recklessly!
You are too injured to fight recklessly!
You are too injured to fight recklessly!
You barely miss the swamp dragon. The swamp dragon misses you.
The swamp dragon claws you!
You die...

##########++######
#................#
#......#..#......#
#................+
+................+
#......#..#......#
#.........@......#
####'#####Do######
#.......##oo#
#.......##))#
#.......##.5#
#...<...##..#
#.......##..#
#.......##..#
#.......##...


You could see a swamp dragon, an iron imp, an orc priest and 2 orcs.

Vanquished Creatures
  2 orcs (D)
2 creatures vanquished.

Notes
Turn   | Place    | Note
-------+----------+-------------------------------------------
     0 | D        | sahdkjhfkaj the Ogre Monk began the quest for the Orb.
     0 | D        | Reached XP level 1. HP: 24/24 MP: 1/1
    11 | D        | Noticed an orc priest
    12 | D        | Noticed a swamp dragon
    12 | D        | Noticed an iron imp
    23 | D        | Slain by a swamp dragon

Illustrated notes

Levels and vault maps discovered:
D:        pitsprint [storerooms_1, entrance_room_1, metal_vault_3, armoury_2,
          mini_pit_1, grid_room_1, main_hall_1, silver_pit, the_coven_2,
          the_vestibule_1, steel_vault_4, golden_pit, hallway_of_sentries,
          crystal_vault_2, iron_vault_2, final_vault]

Skill      XL: |  1 |
---------------+----+-----
Dodging        | 3 |  3.1
Unarmed Combat | 3 |  3.1
Fighting       | |  4.6
Stealth        | |  1.4

Action                   || total
-------------------------++-------
Melee: Unarmed           ||    11
Armor: Robe              ||     2
Dodge: Dodged            ||     7

Table legend: (Time is in decaauts)
 A = Elapsed time spent in this place.
 B = Non-inter-level travel time spent in this place.
 C = Inter-level travel time spent in this place.
 D = Time resting spent in this place.
 E = Time spent auto-exploring this place.
 F = Levels seen in this place.
 G = Mean time per level.
                   A        B        C        D        E       F      G
               +--------+--------+--------+--------+--------+-----+--------+
         Total |     22 |     22 |      0 |      0 |     10 |   1 |   22.0 |
       Dungeon |     22 |     22 |      0 |      0 |     10 |   1 |   22.0 |
               +--------+--------+--------+--------+--------+-----+--------+

Top non-repeatable levels by time:
       D: 22 daAuts
